 Dungeon Crawl Stone Soup version 0.29.1-1-gd02db6906a (webtiles) character file.

Game seed: 10384132301327120455

52 Zanven the Cudgeller (level 3, -3/22 HPs)
             Began as a Gargoyle Gladiator on Oct 11, 2022.
             Killed by divine providence
             ... invoked by an orc priest
              (13 damage)
             ... on level 2 of the Dungeon.
             The game lasted 00:03:53 (1292 turns).

Zanven the Cudgeller (Gargoyle Gladiator)           Turns: 1292, Time: 00:03:54

Health: -3/22      AC:  7    Str: 19    XL:     3   Next: 85%
Magic:  3/3        EV: 12    Int:  8    God:
Gold:   21         SH:  0    Dex: 11    Spells: 2/2 levels left

rFire   . . .      SeeInvis .   a - +0 flail
rCold   . . .      Faith    .   (no shield)
rNeg    + . .      Spirit   .   b - +0 leather armour
rPois   ∞          Reflect  .   c - +0 helmet
rElec   +          Harm     .   (no cloak)
rCorr   .          Rampage  .   (no gloves)
Will    .....                   (no boots)
Stlth   +.........              (no amulet)
HPRegen 0.07/turn               (no ring)
MPRegen 0.08/turn               (no ring)

@: no status effects
A: sickness immunity, AC +3, negative energy resistance 1, electricity
resistance, torment resistance 1, petrification resistance
a: no special abilities


You were on level 2 of the Dungeon.
You visited 1 branch of the dungeon, and saw 2 of its levels.

You collected 21 gold pieces.

Inventory:

Hand Weapons
 a - a +0 flail (weapon)
Missiles
 d - 3 throwing nets (quivered)
Armour
 b - a +0 leather armour (worn)
 c - a +0 helmet (worn)
Scrolls
 g - a scroll of noise {unknown}
 j - a scroll of teleportation {unknown}
Potions
 f - a potion of curing {unknown}
 h - a potion of attraction {unknown}
 i - a potion of ambrosia {unknown}


   Skills:
 + Level 2.9 Fighting
 + Level 3.4 Maces & Flails
 + Level 2.4 Throwing
 + Level 2.8 Dodging


You had 2 spell levels left.
You didn't know any spells.
Your spell library contained the following spells:

 Spells                   Type           Power      Damage    Failure   Level
 Tukima's Dance           Hex            0%         N/A       83%         3
 Passage of Golubria      Tloc           0%         N/A       99%         4
 Yara's Violent Unravell  Hex/Tmut       0%         3d3       100%        5


Dungeon Overview and Level Annotations

Branches:
Dungeon (2/15)

Altars:


Innate Abilities, Weirdness & Mutations

You are immune to sickness and miasma.
Your stone body is resilient. (AC +3)
You are immune to poison.
You resist negative energy. (rN+)
You are resistant to electric shocks. (rElec)
You are resistant to unholy torment.
You are immune to petrification.


Message History

An orc comes into view. It is wielding a +0 short sword.
You hear a shout!
Throw: javelin
Press: ? - help, Q - select action, (/) - cycle Shift-Dir - straight line, f - orc
Aim: an orc, wielding a +0 short sword and wearing a +0 leather armour (wandering, hasn't noticed you, 57% to hit)
You throw a javelin. The orc shouts!
The javelin pierces through the orc.
The orc is heavily wounded.
An orc comes into view. It is wielding a +0 flail.
An orc comes into view. It is wielding a +0 dagger.
An orc and 2 orc priests come into view.
The orc shouts!
The orc priest shouts!
The orc shouts!
You closely miss the orc.
The orc is heavily wounded.
The orc priest hits you with a +2 mace of holy wrath.
The orc hits you but does no damage.
You hit the orc.
You kill the orc!
The orc closely misses you. x2
The orc priest invokes the aid of Beogh against you.
Pain shoots through your body!
You are too injured to fight recklessly!
You are too injured to fight recklessly!
You sock the orc!
You kill the orc!
The orc barely misses you. The orc misses you.
The orc priest mumbles some strange prayers to Beogh against you.
Pain shoots through your body!
You hit the orc priest but do no damage.
The orc priest hits you but does no damage.
The orc barely misses you.
The orc priest hits you with a +2 mace of holy wrath.
You sock the orc priest!
The orc priest is severely wounded.
The orc barely misses you. The orc completely misses you.
The orc priest invokes the aid of Beogh against you.
Beogh smites you!
Ouch! That really hurt!
You die...

#######.# ........#
.8...8..###
...(......
.........#
.......o.#
.8...8o).#
......o@o#
#######o.#
.........#
#########.#
####.........#
#......#######
..#+##.#########.#
..............)..#
...........#####.##


You could see 3 orc priests and 2 orcs.

Vanquished Creatures
  A worm (D:2)
  2 orcs (D:2)
  2 bats (D:1)
  8 endoplasms
  A giant cockroach (D:1)
  5 hobgoblins
  4 kobolds
  3 quokkas (D:1)
  5 ball pythons (D:1)
  A frilled lizard (D:2)
  4 goblins
  5 rats (D:1)
41 creatures vanquished.

Vanquished Creatures (others)
  A plant (D:1)
1 creature vanquished.

Grand Total: 42 creatures vanquished

Notes
Turn   | Place    | Note
-------+----------+-------------------------------------------
     0 | D:1      | Zanven the Gargoyle Gladiator began the quest for the Orb.
     0 | D:1      | Reached XP level 1. HP: 12/12 MP: 1/1
    65 | D:1      | Reached XP level 2. HP: 18/18 MP: 2/2
   321 | D:1      | Reached XP level 3. HP: 4/22 MP: 3/3
  1292 | D:2      | Killed from afar by an orc priest

Illustrated notes

Levels and vault maps discovered:
D:1:      dpeg_arrival_tiny_d, layout_loops_ring, serial_forest,
          infiniplex_forest_clump_small, infiniplex_forest_clump_long,
          infiniplex_forest_end_1, infiniplex_forest_clump_curved,
          infiniplex_forest_end_double, infiniplex_forest_straight_5,
          infiniplex_forest_lined_room_, infiniplex_forest_corner_2
D:2:      cheibrodos_pilgrimage, layout_basic, basic_altar, uniq_natasha

Skill      XL: |  1  2 |
---------------+-------+-----
Throwing       | 2 |  2.4
Fighting       | |  2.9
Maces & Flails | |  3.4
Dodging        | |  2.8

Action                   || total
-------------------------++-------
Melee: Flail             ||    91
Throw: Javelin           ||     7
       Throwing net      ||     1
 Stab: Sleeping          ||     1
Armor: Leather armour    ||    37
Dodge: Dodged            ||    68
